| TOP OF THE 1ST |
|
Mississippi Braves batting - Pitching for Tennessee Smokies : RHP Rashid bin Ala'
|
|
Pitching: RHP Rashid bin Ala'
|
|
|
Batting: LHB Rodolfo Cano
|
0-0: Fly out, F7 (Flyball, 7S, EV 84.4 MPH)
|
|
Batting: RHB Angel Guzman
|
0-0: Ball 1-0: Called Strike 1-1: Called Strike 1-2: Ball 2-2: DOUBLE (Flyball, 8LXD, EV 90.6 MPH)
|
|
Batting: RHB Tim Nettles
|
0-0: Called Strike 0-1: Called Strike 0-2: Foul Ball, location: 2F 0-2: Fly out, F3 (Popup, 3SF, EV 70.0 MPH)
|
|
Batting: RHB Zach Thomason
|
0-0: Ball 1-0: Called Strike 1-1: Foul Ball, location: 2F 1-2: SINGLE (Line Drive, 9S, EV 93.1 MPH) Angel Guzman to third
|
|
Batting: LHB Raul Guarjardo
|
0-0: Ball 1-0: Ball 2-0: Ball 3-0: Called Strike 3-1: Base on Balls Zach Thomason to second
|
|
Pitching: RHP Mike Borell
|
|
|
Batting: RHB Zachary Sidney
|
0-0: Foul Ball, location: 2F 0-1: Fly out, F9 (Flyball, 89S, EV 80.0 MPH)
|
| Top of the 1st over - 0 runs, 2 hits, 0 errors, 3 left on base; Mississippi 0 - Tennessee 0 |
| BOTTOM OF THE 1ST |
|
Tennessee Smokies batting - Pitching for Mississippi Braves : RHP Jonathan Jacquez
|
|
Pitching: RHP Jonathan Jacquez
|
|
|
Batting: LHB Brent Dutcher
|
0-0: Bunt for hit to 15S - play at first, batter OUT! 1-3
|
|
Batting: RHB Heef Harted
|
0-0: Called Strike 0-1: Ball 1-1: Foul Ball, location: 2F 1-2: Foul Ball, location: 2F 1-2: Ball 2-2: Foul Ball, location: 2F 2-2: SINGLE (Groundball, P, EV 78.1 MPH) (infield hit)
|
|
Batting: RHB Heitaro Tanaka
|
0-0: Ball Heef Harted steals 2nd base 1-0: Ball 2-0: Ball 3-0: Base on Balls
|
|
Batting: LHB Brian Newton
|
0-0: Ball 1-0: Grounds into double play, 3-6-3 (Groundball, 3, EV 81.9 MPH)
|
| Bottom of the 1st over - 0 runs, 1 hit, 0 errors, 1 left on base; Mississippi 0 - Tennessee 0 |
| TOP OF THE 2ND |
|
Mississippi Braves batting - Pitching for Tennessee Smokies : RHP Mike Borell
|
|
Batting: LHB Pablo Ordonez
|
0-0: Foul Ball, location: 2F 0-1: Ball 1-1: Reached on error, E6 (Groundball, 6, EV 91.2 MPH)
|
|
Batting: SHB Ian Finley
|
0-0: Fly out, F8 (Flyball, 8LD, EV 102.5 MPH)
|
|
Batting: RHB Edwin Cota
|
0-0: Called Strike 0-1: Foul Ball, location: 2F 0-2: Ball 1-2: Ball 2-2: Fielders Choice at 2nd, 5-4 (Groundball, 56, EV 106.9 MPH)
|
|
Batting: LHB Rodolfo Cano
|
0-0: Ball 1-0: Called Strike 1-1: Ball 2-1: Foul Ball, location: 2F 2-2: Foul Ball, location: 2F 2-2: DOUBLE (Line Drive, 89XD, EV 106.2 MPH) Edwin Cota to third Runner from 3rd tries for Home, SAFE, throw by RF to trailing runner, SAFE at third!
|
|
Batting: RHB Angel Guzman
|
0-0: Called Strike 0-1: SINGLE (Line Drive, 3D, EV 102.5 MPH) Rodolfo Cano scores
|
|
Pitching: RHP Heriberto Esquivel
|
|
|
Batting: RHB Tim Nettles
|
0-0: Called Strike Angel Guzman steals 2nd base 0-1: Ball 1-1: Foul Ball, location: 2F 1-2: Ball 2-2: Ball 3-2: 2-RUN HOME RUN (Flyball, 9D, EV 101.9 MPH), Distance : 384 ft
|
|
Batting: RHB Zach Thomason
|
0-0: Ball 1-0: Ball 2-0: Ball 3-0: Called Strike 3-1: SOLO HOME RUN (Flyball, 7D, EV 97.5 MPH), Distance : 370 ft
|
|
Batting: LHB Raul Guarjardo
|
0-0: Called Strike 0-1: Foul Ball, location: 2F 0-2: Ball 1-2: SINGLE (Groundball, 34D, EV 97.5 MPH)
|
|
Batting: RHB Zachary Sidney
|
0-0: Called Strike Raul Guarjardo steals 2nd base 0-1: Ball 1-1: Foul Ball, location: 2F 1-2: Ball 2-2: Foul Ball, location: 2F 2-2: Ball 3-2: DOUBLE (Line Drive, 7LM, EV 102.5 MPH) Raul Guarjardo scores
|
|
Pitching: RHP Bob Gilliam
|
|
|
Batting: LHB Pablo Ordonez
|
0-0: Ball 1-0: Ball Wild Pitch! Zachary Sidney to third 2-0: Foul Ball, location: 2F 2-1: Ball 3-1: Reached on error, E4 (Groundball, 4, EV 85.0 MPH) Zachary Sidney scores
|
|
Batting: SHB Ian Finley
|
0-0: Called Strike 0-1: Ball 1-1: Foul Ball, location: 2F 1-2: Strikes out looking
|
| Top of the 2nd over - 7 runs, 6 hits, 2 errors, 1 left on base; Mississippi 7 - Tennessee 0 |
| BOTTOM OF THE 2ND |
|
Tennessee Smokies batting - Pitching for Mississippi Braves : RHP Jonathan Jacquez
|
|
Batting: RHB Brian Warren
|
0-0: Foul Ball, location: 2F 0-1: Ball 1-1: Swinging Strike 1-2: Reached on error, E3 (Groundball, 34, EV 100.6 MPH)
|
|
Batting: SHB Rich Ranaldi
|
0-0: Swinging Strike 0-1: Called Strike 0-2: Ball 1-2: Foul Ball, location: 2F 1-2: Foul Ball, location: 2F 1-2: Ball 2-2: Ground out 4-3 (Groundball, 4, EV 85.0 MPH) Brian Warren to third
|
|
Batting: RHB Chris Rosinsky
|
0-0: Swinging Strike 0-1: Swinging Strike 0-2: Ball 1-2: Ball 2-2: Strikes out looking
|
|
Batting: RHB Sean Espejo
|
0-0: Called Strike 0-1: Called Strike 0-2: Ball 1-2: Ball 2-2: Fly out, F1 (Line Drive, P, EV 76.9 MPH)
|
| Bottom of the 2nd over - 0 runs, 0 hits, 1 error, 1 left on base; Mississippi 7 - Tennessee 0 |
| TOP OF THE 3RD |
|
Mississippi Braves batting - Pitching for Tennessee Smokies : RHP Bob Gilliam
|
|
Batting: RHB Edwin Cota
|
0-0: DOUBLE (Line Drive, 3D, EV 101.2 MPH)
|
|
Batting: LHB Rodolfo Cano
|
0-0: Ball 1-0: Foul Ball, location: 2F 1-1: Ball 2-1: Foul Ball, location: 2F 2-2: Fly out, F7 (Flyball, 78S, EV 83.8 MPH)
|
|
Batting: RHB Angel Guzman
|
0-0: Called Strike 0-1: Called Strike 0-2: Ball 1-2: Ball 2-2: DOUBLE (Line Drive, 7LS, EV 102.5 MPH) Edwin Cota scores
|
|
Pitching: RHP Adrian Dorsi
|
|
|
Batting: RHB Tim Nettles
|
0-0: Ball Wild Pitch! Angel Guzman to third 1-0: Called Strike 1-1: Fly out, F8 (Flyball, 89D, EV 106.2 MPH) Runner from 3rd tags up, OUT at HOME! 8-2
|
| Top of the 3rd over - 1 run, 2 hits, 0 errors, 0 left on base; Mississippi 8 - Tennessee 0 |
| BOTTOM OF THE 3RD |
|
Tennessee Smokies batting - Pitching for Mississippi Braves : RHP Jonathan Jacquez
|
|
Batting: RHB Vij Ramamani
|
0-0: Foul Ball, location: 2F 0-1: Ball 1-1: Ball 2-1: Ball 3-1: Foul Ball, location: 2F 3-2: Strikes out swinging
|
|
Batting: LHB Brent Dutcher
|
0-0: Ball 1-0: Ball 2-0: Called Strike 2-1: Ball 3-1: Called Strike 3-2: Ground out 1-3 (Groundball, 15S, EV 68.1 MPH)
|
|
Batting: RHB Heef Harted
|
0-0: Called Strike 0-1: Ball 1-1: Ground out 5-3 (Groundball, 56, EV 93.8 MPH)
|
| Bottom of the 3rd over - 0 runs, 0 hits, 0 errors, 0 left on base; Mississippi 8 - Tennessee 0 |
| TOP OF THE 4TH |
|
Mississippi Braves batting - Pitching for Tennessee Smokies : RHP Adrian Dorsi
|
|
Batting: RHB Zach Thomason
|
0-0: Called Strike 0-1: Swinging Strike 0-2: Strikes out looking
|
|
Batting: LHB Raul Guarjardo
|
0-0: Ball 1-0: Foul Ball, location: 2F 1-1: Foul Ball, location: 2F 1-2: DOUBLE (Line Drive, 7LM, EV 108.8 MPH)
|
|
Batting: RHB Zachary Sidney
|
0-0: Foul Ball, location: 2F 0-1: Swinging Strike 0-2: Ball 1-2: Strikes out swinging
|
|
Batting: LHB Pablo Ordonez
|
0-0: Ball 1-0: Called Strike 1-1: Reached on error, E1 (Groundball, 15S, EV 75.6 MPH) Raul Guarjardo to third
|
|
Batting: SHB Ian Finley
|
0-0: Ground out 4-3 (Groundball, 4, EV 81.9 MPH)
|
| Top of the 4th over - 0 runs, 1 hit, 1 error, 2 left on base; Mississippi 8 - Tennessee 0 |
| BOTTOM OF THE 4TH |
|
Tennessee Smokies batting - Pitching for Mississippi Braves : RHP Jonathan Jacquez
|
|
Batting: RHB Heitaro Tanaka
|
0-0: Foul Ball, location: 2F 0-1: Foul Ball, location: 2F 0-2: Ball 1-2: Ball 2-2: Ball 3-2: Foul Ball, location: 2F 3-2: SINGLE (Groundball, 4MD, EV 94.4 MPH)
|
|
Batting: LHB Brian Newton
|
0-0: Fly out, F8 (Line Drive, 8RM, EV 100.0 MPH)
|
|
Batting: RHB Brian Warren
|
0-0: Foul Ball, location: 2F 0-1: Fielders Choice at 2nd, 1-4 (Groundball, P, EV 67.5 MPH)
|
|
Batting: SHB Rich Ranaldi
|
0-0: Ball 1-0: Ball 2-0: Ball 3-0: Base on Balls Brian Warren to second
|
|
Batting: RHB Chris Rosinsky
|
0-0: Called Strike 0-1: Ground out 4-3 (Groundball, 4, EV 93.1 MPH)
|
| Bottom of the 4th over - 0 runs, 1 hit, 0 errors, 2 left on base; Mississippi 8 - Tennessee 0 |
| TOP OF THE 5TH |
|
Mississippi Braves batting - Pitching for Tennessee Smokies : RHP Adrian Dorsi
|
|
Batting: RHB Edwin Cota
|
0-0: Foul Ball, location: 2F 0-1: SINGLE (Groundball, 5S, EV 73.1 MPH) (infield hit)
|
|
Batting: LHB Rodolfo Cano
|
0-0: Ball 1-0: SINGLE (Groundball, 3S, EV 67.5 MPH) (infield hit) Edwin Cota to second
|
|
Batting: RHB Angel Guzman
|
0-0: Ball 1-0: Foul Ball, location: 2F 1-1: Ball 2-1: Ball 3-1: Base on Balls Edwin Cota to third Rodolfo Cano to second
|
|
Batting: RHB Tim Nettles
|
0-0: Foul Ball, location: 2F 0-1: Ball 1-1: Ball 2-1: Ball 3-1: Base on Balls Edwin Cota scores Rodolfo Cano to third Angel Guzman to second
|
|
Batting: RHB Zach Thomason
|
0-0: Fly out, F8 (Flyball, 8RS, EV 81.9 MPH)
|
|
Batting: LHB Raul Guarjardo
|
0-0: Grounds into double play, 6-4-3 (Groundball, 6, EV 99.4 MPH)
|
| Top of the 5th over - 1 run, 2 hits, 0 errors, 2 left on base; Mississippi 9 - Tennessee 0 |
| BOTTOM OF THE 5TH |
|
Tennessee Smokies batting - Pitching for Mississippi Braves : RHP Jonathan Jacquez
|
|
Batting: RHB Sean Espejo
|
0-0: Called Strike 0-1: Ball 1-1: Foul Ball, location: 2F 1-2: Ground out 4-3 (Groundball, 4, EV 88.8 MPH)
|
|
Batting: RHB Vij Ramamani
|
0-0: Ball 1-0: Ground out U3 (Groundball, 3, EV 109.4 MPH)
|
|
Batting: LHB Brent Dutcher
|
0-0: Ball 1-0: Foul Ball, location: 2F 1-1: Foul Ball, location: 2F 1-2: Foul Ball, location: 2F 1-2: TRIPLE (Flyball, 89XD, EV 95.0 MPH)
|
|
Batting: RHB Heef Harted
|
0-0: Called Strike 0-1: Ball 1-1: Foul Ball, location: 2F 1-2: Ball 2-2: Foul Ball, location: 2F 2-2: Foul Ball, location: 2F 2-2: Fly out, F4 (Flyball, 4D, EV 83.1 MPH)
|
| Bottom of the 5th over - 0 runs, 1 hit, 0 errors, 1 left on base; Mississippi 9 - Tennessee 0 |
| TOP OF THE 6TH |
|
Mississippi Braves batting - Pitching for Tennessee Smokies : RHP Adrian Dorsi
|
|
Batting: RHB Zachary Sidney
|
0-0: Ball 1-0: SINGLE (Line Drive, 34D, EV 95.0 MPH)
|
|
Batting: LHB Pablo Ordonez
|
0-0: Ground out 5-3 (Groundball, 56S, EV 65.6 MPH) Zachary Sidney to second
|
|
Batting: SHB Ian Finley
|
0-0: Called Strike 0-1: Foul Ball, location: 2F 0-2: Ball 1-2: Ground out 5-3 (Groundball, 56S, EV 82.5 MPH)
|
|
Batting: RHB Edwin Cota
|
0-0: Called Strike 0-1: Ground out 6-3 (Groundball, 6, EV 102.5 MPH)
|
| Top of the 6th over - 0 runs, 1 hit, 0 errors, 1 left on base; Mississippi 9 - Tennessee 0 |
| BOTTOM OF THE 6TH |
|
Tennessee Smokies batting - Pitching for Mississippi Braves : RHP Jonathan Jacquez
|
|
Batting: RHB Heitaro Tanaka
|
0-0: Fly out, F5 (Flyball, 56D, EV 86.9 MPH)
|
|
Batting: LHB Brian Newton
|
0-0: Called Strike 0-1: SINGLE (Line Drive, 56, EV 96.9 MPH)
|
|
Batting: RHB Brian Warren
|
0-0: Ball 1-0: Ball 2-0: Called Strike 2-1: SINGLE (Line Drive, 6M, EV 95.6 MPH) Brian Newton to second
|
|
Batting: SHB Rich Ranaldi
|
0-0: Ball 1-0: Ball 2-0: Ball 3-0: Base on Balls Brian Newton to third Brian Warren to second
|
|
Batting: RHB Chris Rosinsky
|
0-0: Ball 1-0: Ball 2-0: Ball 3-0: Base on Balls Brian Newton scores Brian Warren to third Rich Ranaldi to second
|
|
Pitching: RHP Scott Bentley
|
|
|
Batting: RHB Sean Espejo
|
0-0: Foul Ball, location: 2F 0-1: Swinging Strike 0-2: Ball 1-2: GRAND SLAM HOME RUN (Flyball, 7D, EV 101.2 MPH), Distance : 390 ft
|
|
Batting: RHB Vij Ramamani
|
0-0: Called Strike 0-1: SINGLE (Groundball, 56, EV 106.2 MPH) (infield hit)
|
|
Batting: LHB Brent Dutcher
|
0-0: Ball Vij Ramamani steals 2nd base 1-0: Called Strike 1-1: Ball 2-1: Foul Ball, location: 2F 2-2: Strikes out swinging
|
|
Batting: RHB Heef Harted
|
0-0: Called Strike 0-1: Ball 1-1: Called Strike 1-2: Strikes out swinging
|
| Bottom of the 6th over - 5 runs, 4 hits, 0 errors, 1 left on base; Mississippi 9 - Tennessee 5 |
| TOP OF THE 7TH |
|
Mississippi Braves batting - Pitching for Tennessee Smokies : RHP Adrian Dorsi
|
|
Batting: LHB Rodolfo Cano
|
0-0: Foul Ball, location: 2F 0-1: Ball 1-1: Swinging Strike 1-2: Ball 2-2: Ground out 4-3 (Groundball, 4, EV 88.8 MPH)
|
|
Batting: RHB Angel Guzman
|
0-0: Swinging Strike 0-1: Ball 1-1: Ball 2-1: Foul Ball, location: 2F 2-2: Foul Ball, location: 2F 2-2: Foul Ball, location: 2F 2-2: Hit by Pitch
|
|
Batting: RHB Tim Nettles
|
0-0: Called Strike 0-1: SINGLE (Line Drive, 89M, EV 93.8 MPH) Angel Guzman to second
|
|
Batting: RHB Zach Thomason
|
0-0: DOUBLE (Line Drive, 89XD, EV 107.5 MPH) Angel Guzman scores Tim Nettles to third Runner from 3rd tries for Home, SAFE, throw by CF to trailing runner, SAFE at third!
|
|
Batting: LHB Raul Guarjardo
|
0-0: Ball 1-0: Ball 2-0: Called Strike 2-1: Ball 3-1: Called Strike 3-2: Ground out 6-3 (Groundball, 6M, EV 96.9 MPH) Zach Thomason scores
|
|
Pitching: RHP Nick Kleckner
|
|
|
Batting: RHB Zachary Sidney
|
0-0: Ball 1-0: Called Strike 1-1: SINGLE (Groundball, 34D, EV 98.1 MPH)
|
|
Batting: LHB Pablo Ordonez
|
0-0: Called Strike 0-1: Ball 1-1: Ball 2-1: Ball 3-1: Fielders Choice at 2nd, 6-4 (Groundball, 6, EV 86.9 MPH)
|
| Top of the 7th over - 3 runs, 3 hits, 0 errors, 1 left on base; Mississippi 12 - Tennessee 5 |
| BOTTOM OF THE 7TH |
|
Tennessee Smokies batting - Pitching for Mississippi Braves : RHP Scott Bentley
|
|
Batting: RHB Heitaro Tanaka
|
0-0: Fly out, F7 (Flyball, 7LM, EV 77.5 MPH)
|
|
Batting: LHB Brian Newton
|
0-0: Ball 1-0: Ball 2-0: Ball 3-0: Base on Balls
|
|
Batting: RHB Brian Warren
|
0-0: Called Strike 0-1: Foul Ball, location: 2F 0-2: Foul Ball, location: 2F 0-2: Foul Ball, location: 2F 0-2: Foul Ball, location: 2F 0-2: Strikes out swinging
|
|
Batting: SHB Rich Ranaldi
|
0-0: Fly out, F8 (Line Drive, 8LD, EV 105.0 MPH)
|
| Bottom of the 7th over - 0 runs, 0 hits, 0 errors, 1 left on base; Mississippi 12 - Tennessee 5 |
| TOP OF THE 8TH |
|
Mississippi Braves batting - Pitching for Tennessee Smokies : RHP Nick Kleckner
|
|
Batting: SHB Ian Finley
|
0-0: Called Strike 0-1: Ball 1-1: Called Strike 1-2: Ball 2-2: Ground out U3 (Groundball, 3, EV 86.9 MPH)
|
|
Batting: RHB Edwin Cota
|
0-0: Ball 1-0: Ball 2-0: Foul Ball, location: 2F 2-1: Foul Ball, location: 2F 2-2: Ground out U3 (Groundball, 3L, EV 106.9 MPH)
|
|
Batting: LHB Rodolfo Cano
|
0-0: Ball 1-0: Ball 2-0: Ball 3-0: Called Strike 3-1: Foul Ball, location: 2F 3-2: Base on Balls
|
|
Batting: RHB Angel Guzman
|
0-0: Ball Rodolfo Cano steals 2nd base 1-0: Ball 2-0: Ball 3-0: Called Strike 3-1: Base on Balls
|
|
Batting: RHB Tim Nettles
|
0-0: Ball 1-0: Ball 2-0: SINGLE (Flyball, 8RS, EV 89.4 MPH) Rodolfo Cano to third Angel Guzman to second Runner from 3rd tries for Home, SAFE, throw by CF to home
|
|
Pinch Hitting: SHB Paul Karlovich
|
0-0: Foul Ball, location: 2F 0-1: Foul Ball, location: 2F 0-2: Foul Ball, location: 2F 0-2: Ground out 4-3 (Groundball, 4, EV 80.6 MPH)
|
| Top of the 8th over - 1 run, 1 hit, 0 errors, 2 left on base; Mississippi 13 - Tennessee 5 |
| BOTTOM OF THE 8TH |
|
Tennessee Smokies batting - Pitching for Mississippi Braves : RHP Scott Bentley
|
|
Now at 2B: Rodolfo Cano
|
|
|
Now in LF: Paul Karlovich
|
|
|
Batting: RHB Chris Rosinsky
|
0-0: Called Strike 0-1: Ball 1-1: Ball 2-1: Ball 3-1: Called Strike 3-2: Strikes out swinging
|
|
Batting: RHB Sean Espejo
|
0-0: Reached on error, E4 (Groundball, 4, EV 83.8 MPH)
|
|
Pitching: RHP Marko Martin
|
|
|
Batting: RHB Vij Ramamani
|
0-0: Ball 1-0: Fielders Choice at 2nd, 6-4 (Groundball, 6, EV 81.9 MPH)
|
|
Batting: LHB Brent Dutcher
|
0-0: Ball 1-0: Ball 2-0: Ball 3-0: Called Strike 3-1: Foul Ball, location: 2F 3-2: Foul Ball, location: 2F 3-2: Base on Balls Vij Ramamani to second
|
|
Batting: RHB Heef Harted
|
0-0: Swinging Strike 0-1: Swinging Strike 0-2: Ball 1-2: Ground out 4-3 (Groundball, 4S, EV 70.6 MPH)
|
| Bottom of the 8th over - 0 runs, 0 hits, 1 error, 2 left on base; Mississippi 13 - Tennessee 5 |
| TOP OF THE 9TH |
|
Mississippi Braves batting - Pitching for Tennessee Smokies : RHP Nick Kleckner
|
|
Batting: LHB Raul Guarjardo
|
0-0: Ball 1-0: Called Strike 1-1: Ball 2-1: Swinging Strike 2-2: SINGLE (Groundball, 4MD, EV 93.8 MPH)
|
|
Batting: RHB Zachary Sidney
|
0-0: Grounds into double play, 4-6-3 (Groundball, 4, EV 80.0 MPH)
|
|
Batting: LHB Pablo Ordonez
|
0-0: Foul Ball, location: 2F 0-1: Ball 1-1: Ground out 4-3 (Groundball, 34D, EV 80.0 MPH)
|
| Top of the 9th over - 0 runs, 1 hit, 0 errors, 0 left on base; Mississippi 13 - Tennessee 5 |
| BOTTOM OF THE 9TH |
|
Tennessee Smokies batting - Pitching for Mississippi Braves : RHP Marko Martin
|
|
Batting: RHB Heitaro Tanaka
|
0-0: Called Strike 0-1: Foul Ball, location: 2F 0-2: Strikes out looking
|
|
Batting: LHB Brian Newton
|
0-0: Ball 1-0: Ground out U3 (Groundball, 3, EV 87.5 MPH)
|
|
Batting: RHB Brian Warren
|
0-0: Ball 1-0: Fly out, F8 (Line Drive, 8RM, EV 99.4 MPH)
|
| Bottom of the 9th over - 0 runs, 0 hits, 0 errors, 0 left on base; Mississippi 13 - Tennessee 5 |
|